 Dungeon Crawl Stone Soup version 0.23.2 (webtiles) character file.

Game seed: 2716175330582370512

172 Norn the Ruffian (level 5, 0/41 HPs)
             Began as a Draconian Transmuter on Apr 6, 2019.
             Killed from afar by an orc wizard (4 damage)
             ... with a magic dart
             ... on level 4 of the Dungeon on Apr 7, 2019.
             The game lasted 00:06:35 (3083 turns).

Norn the Ruffian (Draconian Transmuter)             Turns: 3083, Time: 00:06:35

Health: 0/41       AC:  6    Str: 12    XL:     5   Next: 27%
Magic:  6/8        EV: 12    Int: 15    God:
Gold:   123        SH:  0    Dex: 11    Spells: 2/8 levels left

rFire    . . .     SeeInvis .     - Unarmed
rCold    . . .     Gourm    .   (no shield)
rNeg     . . .     Faith    .   (armour unavailable)
rPois    .         Spirit   .   (helmet restricted)
rElec    .         Reflect  .   q - +0 cloak
rCorr    .         Harm     .   (no gloves)
MR       .....                  (no boots)
Stlth    +.........             (no amulet)
HPRegen  0.13/turn              (no ring)
MPRegen  0.11/turn              (no ring)

@: no status effects
A: unfitting armour, cold-blooded, AC +5
a: no special abilities


You were on level 4 of the Dungeon.
You were hungry.

You visited 1 branch of the dungeon, and saw 4 of its levels.

You collected 123 gold pieces.

Inventory:

Missiles
 a - 32 arrows
 c - 125 stones (quivered)
 m - 15 poisoned needles
Armour
 q - a +0 cloak (worn)
   (You found it on level 3 of the Dungeon)
Jewellery
 b - an uncursed ring of stealth {unknown}
   (You found it on level 1 of the Dungeon)
 r - an uncursed ring of fire {unknown}
   (You found it on level 3 of the Dungeon)
Scrolls
 d - 2 scrolls of magic mapping {unknown}
 f - a scroll of noise {unknown}
 h - 3 scrolls of fog {unknown}
 j - 3 scrolls of teleportation {unknown}
 l - a scroll of remove curse {unknown}
 n - 2 scrolls of enchant weapon {unknown}
 o - a scroll of blinking {unknown}
Comestibles
 e - 8 rations {!d}
 s - 4 chunks of flesh


   Skills:
 + Level 2.1 Fighting
 - Level 1.7 Dodging
 - Level 5.0 Unarmed Combat
 - Level 2.0 Spellcasting
 * Level 3.3 Transmutations


You had 2 spell levels left.
You knew the following spells:

 Your Spells              Type           Power        Failure   Level  Hunger
a - Beastly Appendage     Tmut           ##....       6%          1    #......
s - Sticks to Snakes      Tmut           ##......     9%          2    ###....
x - Spider Form           Tmut/Pois      #.........   34%         3    ###....

Your spell library contained the following spells:

 Spells                   Type           Power        Failure   Level  Hunger
 Ice Form                 Ice/Tmut       #.......     75%         4    #####..
 Blade Hands              Tmut           ##........   85%         5    ######.


Dungeon Overview and Level Annotations

Branches:
Dungeon (4/15)
 Temple: D:4-7

Altars:

Annotations:
D:4 3 runed translucent doors, Tutankhamun's ghost, amateur DrCK


Innate Abilities, Weirdness & Mutations

Your plain brown scales are hard. (AC +5)
You cannot fit into any form of body armour.
You are cold-blooded and may be slowed by cold attacks.


Message History

You feel very mighty all of a sudden.
The orc wizard gestures at you while chanting.
You resist with some effort.
The orc wizard hits you with a +0 dagger.
* * * LOW HITPOINT WARNING * * *
The jackal skeleton barely misses you.
The orc wizard hits you but does no damage.
The orc wizard closely misses you.
It was a potion of curing.
You feel better.
The orc wizard gestures at you while chanting.
The magic dart hits you.
* * * LOW HITPOINT WARNING * * *
The jackal skeleton bites you but does no damage.
The orc wizard closely misses you.
It was a potion of haste.
You feel yourself speed up. The orc wizard misses you.
The orc wizard barely misses you. The jackal skeleton misses you.
The orc wizard hits you with a +0 dagger.
* * * LOW HITPOINT WARNING * * *
The orc wizard closely misses you.
It was a potion of cancellation.
Your magical effects are unravelling.
You feel magically purged.
Your magical contamination has completely faded away.
You feel yourself slow down.
You float gracefully downwards.
You feel a little less mighty now.
The jackal skeleton bites you but does no damage.
The orc wizard completely misses you.
The orc wizard hits you with a +0 dagger.
* * * LOW HITPOINT WARNING * * *
You closely miss the orc wizard. The jackal skeleton misses you.
The orc wizard closely misses you.
The orc wizard hits you but does no damage.
You hit the orc wizard. The orc wizard closely misses you.
The orc wizard hits you but does no damage.
The jackal skeleton bites you but does no damage.
You barely miss the orc wizard.
The orc wizard points at you and mumbles some strange words.
You resist with some effort.
The orc wizard hits you but does no damage.
The jackal skeleton bites you but does no damage.
The orc wizard hits you but does no damage.
The orc wizard completely misses you. The jackal skeleton closely misses you.
You hit the orc wizard but do no damage.
You tail-slap the orc wizard, but do no damage.
The orc wizard closely misses you.
The orc wizard gestures at you while chanting.
The magic dart hits you.
You die...

#..............##.⌠.##....
#.............##.#.#.#...
#.............#..$#..+..#
#.............#)...KK+.o#
.......####.### ..#.K+o#
.......# #.####.#W#K#.#
.......# #..#.##.KK##.#
.......#####.#..#####..#
.......'........@oo....#
.......######...Zo.....#
.###'#.<÷..............#
.# #'#######...........#
## ### #..#.........#
###..........#
#..#.#####.# #..#.# .#
#....# ##


You could see 2 orc wizards, an orc and a jackal skeleton.

Vanquished Creatures
  An orc priest (D:4)
  An orc wizard (D:4)
  4 adders
  2 oozes
  An adder zombie (D:3)
  A worm (D:2)
  5 dart slugs
  4 orcs
  A giant cockroach (D:1)
  4 goblins
  6 hobgoblins
  3 jackals (D:3)
  8 kobolds
  2 quokkas (D:3)
  2 ball pythons (D:1)
  2 bats
  2 frilled lizards (D:3)
  5 rats
54 creatures vanquished.

Notes
Turn   | Place    | Note
-------+----------+-------------------------------------------
     0 | D:1      | Norn the Draconian Transmuter began the quest for the Orb.
     0 | D:1      | Reached XP level 1. HP: 16/16 MP: 3/3
   116 | D:1      | Reached XP level 2. HP: 18/23 MP: 3/5
   185 | D:1      | Learned a level 2 spell: Sticks to Snakes
   526 | D:1      | Reached skill level 4 in Unarmed Combat
  1208 | D:2      | Reached XP level 3. HP: 28/28 MP: 4/6
  1240 | D:2      | Learned a level 3 spell: Spider Form
  2120 | D:3      | Reached skill level 5 in Unarmed Combat
  2120 | D:3      | Reached XP level 4. HP: 27/35 MP: 7/7
  2947 | D:4      | Reached XP level 5. HP: 33/41 MP: 8/8
  3046 | D:4      | Found a runed translucent gate.
  3046 | D:4      | Found a runed translucent gate.
  3046 | D:4      | Found a runed translucent gate.
  3047 | D:4      | Noticed Tutankhamun's ghost (amateur DrCK)
  3076 | D:4      | HP: 2/41 [orc wizard/+0 dagger (2)]
  3083 | D:4      | Killed from afar by an orc wizard

Skill      XL: |  1  2  3  4  5 |
---------------+----------------+-----
Unarmed Combat | 4 5 |  5.0
Transmutations | 3 |  3.3
Fighting       | 2 |  2.1
Dodging        | |  1.7
Spellcasting   | |  2.0

Action                   |  1- 3 |  4- 6 || total
-------------------------+-------+-------++-------
Melee: Unarmed           |   120 |    88 ||   208
       Tailslap          |    17 |     6 ||    23
       Kick              |    12 |     5 ||    17
       Headbutt          |     3 |     3 ||     6
       Punch             |     1 |     2 ||     3
Throw: Stone             |       |     1 ||     1
 Cast: Beastly Appendage |    13 |     8 ||    21
       Spider Form       |       |     1 ||     1
  Use: Potion            |       |     5 ||     5
  Eat: Chunk             |     3 |     4 ||     7
Armor: Skin              |    22 |    30 ||    52
Dodge: Dodged            |    74 |    55 ||   129
